 Dungeon Crawl Stone Soup version bcrawl-1.13.2 (webtiles) character file.

Game seed: 3251592654869697322

37 Felnil the Skirmisher (level 3, -10/24 HPs)
             Began as a Skeleton Fighter on Aug 10, 2019.
             Killed from afar by an orc wizard (11 damage)
             ... with a puff of flame
             ... on level 2 of the Dungeon.
             The game lasted 00:02:14 (1660 turns).

Felnil the Skirmisher (Skeleton Fighter)            Turns: 1660, Time: 00:02:15

Health: -10/24     AC:  6    Str: 23      XL:     3   Next: 23%
Magic:  0/3        EV:  8    Int:  5 (6)  God:
Gold:   88         SH:  9    Dex:  8      Spells: 2/2 levels left

rFire    . . .     SeeInvis .   a - +0 war axe
rCold    + . .     Gourm    .   c - +0 shield
rNeg     + + +     Faith    .   b - +0 scale mail
rPois    ∞         Spirit   +   (no helmet)
rElec    .         Reflect  .   (no cloak)
rCorr    .         Harm     .   (no gloves)
MR       .....                  (no boots)
Stlth    ..........             (no amulet)
HPRegen  0.08/turn              (no ring)
MPRegen  0.08/turn              (no ring)

@: no status effects
A: no food or potions, cold resistance 1, deterioration 1, negative energy
resistance 3, torment resistance, unbreathing, magic shield, sturdy frame 1,
spell healing
a: no special abilities


You were on level 2 of the Dungeon.
You were not hungry.

You visited 1 branch of the dungeon, and saw 2 of its levels.

You collected 88 gold pieces.

Inventory:

Hand Weapons
 a - a +0 war axe (weapon)
Armour
 b - a +0 scale mail (worn)
 c - a +0 shield (worn)
Scrolls
 d - a scroll of identify {unknown}
 e - a scroll of teleportation {unknown}
 f - a scroll of magic mapping {unknown}
 g - a scroll of noise {unknown}
 h - a scroll of fear {unknown}


   Skills:
 + Level 4.4 Fighting
 - Level 2.4 Axes
 - Level 3.2 Armour
 - Level 3.6 Shields


You had 2 spell levels left.
You didn't know any spells.
Your spell library was empty.

Dungeon Overview and Level Annotations

Branches:
Dungeon (2/12)

Altars:


Innate Abilities, Weirdness & Mutations

You do not eat or drink.
You are immune to poison.
Your flesh is cold resistant. (rC+)
Your body sometimes deteriorates upon taking damage.
You are immune to negative energy. (rN+++)
You are immune to unholy pain and torment.
You can survive without breathing.
When hurt, damage is shared between your health and your magic reserves.
Your movements are slightly less encumbered by armour. (ER -2)
Casting spells heals you.


Message History

The orc wizard flickers and vanishes!
Deactivating autopickup; reactivate with Ctrl-A.
Something hits you but does no damage.
You closely miss something.
Something hits you but does no damage. x2
You closely miss something.
Something hits you but does no damage. x2
You barely miss something.
Something hits you but does no damage. x2
You miss something. Something hits you but does no damage.
You hear some strange, mumbled words.
A magic dart appears from out of thin air!
The magic dart hits you!
* * * LOW HITPOINT WARNING * * *
You block something's attack.
There are no items here.
A magic dart appears from out of thin air!
The magic dart hits you!
* * * LOW HITPOINT WARNING * * *
You hear some strange, mumbled words.
A puff of flame appears from out of thin air!
The puff of flame hits you!
You die...

.##.##############..####.#
.##.# ###..# .##.# #....#
.##.# #.##.# .##.# #.##.#
.##.# #.##.# ..... ####
#.##.# .)..# #.... #.##.#
#.....###@# .#
#....oo..#...#
#.....###.#### ..... .#
.### .# .# )# ##


You could see 2 orcs.

Vanquished Creatures
  An ooze (D:2)
  An orc (D:2)
  7 goblins
  5 hobgoblins
  2 jackals (D:2)
  3 kobolds
  A ball python (D:2)
  3 bats
  5 frilled lizards (D:1)
  5 rats
  A fungus (D:1)
34 creatures vanquished.

Notes
Turn   | Place    | Note
-------+----------+-------------------------------------------
     0 | D:1      | Felnil the Skeleton Fighter began the quest for the Orb.
     0 | D:1      | Reached XP level 1. HP: 14/14 MP: 1/1
   690 | D:1      | Reached XP level 2. HP: 19/19 MP: 2/2
  1161 | D:2      | Reached skill level 4 in Fighting
  1285 | D:2      | Reached XP level 3. HP: 21/24 MP: 3/3
  1660 | D:2      | HP: 1/24 [something/magic dart (2)]
  1660 | D:2      | Killed from afar by an orc wizard

Skill      XL: |  1  2 |
---------------+-------+-----
Fighting       | 4 |  4.4
Axes           | |  2.4
Armour         | |  3.2
Shields        | |  3.6

Action                   || total
-------------------------++-------
Melee: War axe           ||   106
Armor: Scale mail        ||    35
Dodge: Dodged            ||    29
Block: Shield            ||    46
